 Dungeon Crawl Stone Soup version 0.31-a0-851-g7ff8af7976 (webtiles) character file.

Game seed: 160448410392436650

142 BinkBink the Trooper (level 5, 0/47 HPs)
             Began as a Minotaur Fighter on Oct 7, 2023.
             Slain by an iguana (8 damage)
             ... on level 3 of the Dungeon.
             The game lasted 00:01:54 (1487 turns).

BinkBink the Trooper (Minotaur Fighter)             Turns: 1487, Time: 00:01:55

Health: 0/47       AC: 12    Str: 23    XL:     5   Next: 3%
Magic:  4/4        EV:  6    Int:  5    God:
Gold:   68         SH:  4    Dex:  9    Spells: 4/4 levels left

rFire   . . .        a - +0 long sword
rCold   . . .        c - +0 buckler
rNeg    . . .        g - +0 plate armour
rPois   .            (helmet restricted)
rElec   .            (no cloak)
rCorr   .            (no gloves)
SInv    .            (no boots)
Will    .....        (no amulet) Stlth
                     (no ring)
HPRegen 0.27/turn    (no ring)
MPRegen 0.09/turn

%: no passive effects
@: no status effects
A: horns 2, retaliatory headbutt
a: no special abilities


You were on level 3 of the Dungeon.
You visited 1 branch of the dungeon, and saw 3 of its levels.

You collected 68 gold pieces.

Inventory:

Hand Weapons
 a - a +0 long sword (weapon)
Armour
 c - a +0 buckler (worn)
 g - a +0 plate armour (worn)
Jewellery
 l - an amulet of magic regeneration
Scrolls
 b - a scroll of teleportation {unknown}
 f - 2 scrolls of amnesia {unknown}
 h - a scroll of revelation {unknown}
 i - a scroll of noise {unknown}
 j - a scroll of poison {unknown}
 k - a scroll of vulnerability {unknown}
 m - a scroll of enchant armour {unknown}
 n - a scroll of identify {unknown}
Potions
 d - 3 potions of might
 e - a potion of enlightenment {unknown}


   Skills:
 + Level 4.7 Fighting
 + Level 3.7 Long Blades
 + Level 4.6 Armour
 + Level 4.6 Shields


You had 4 spell levels left.
You didn't know any spells.
Your spell library contained the following spells:

 Spells                   Type           Power      Damage    Failure   Level
 Ensorcelled Hibernation  Hex/Ice        0%         N/A       100%        2
 Jinxbite                 Hex            0%         N/A       100%        2
 Anguish                  Hex/Necr       0%         N/A       100%        4


Dungeon Overview and Level Annotations

Branches:
Dungeon (3/15)

Altars:

Shops:
D:1 =


Innate Abilities, Weirdness & Mutations

You have a pair of horns on your head.
You reflexively headbutt those who attack you in melee.


Message History

You are too injured to fight recklessly!
You are too injured to fight recklessly!
You are too injured to fight recklessly!
You are too injured to fight recklessly!
You hit the gnoll. You headbutt the gnoll.
The gnoll is heavily wounded.
You block the gnoll's attack.
You slash the gnoll!
You kill the gnoll!
You have reached level 5!
HP restored.
You see here a +0 spear.
Found a stone staircase leading down.
n - a scroll labelled OCHUEFU QIACS An iguana comes into view.
The iguana hisses angrily.
An iguana is nearby!
An iguana is nearby!
You see here a fuming purple potion.
The iguana bites you!
You hit the iguana but do no damage. The iguana bites you.
The iguana bites you!
You hit the iguana but do no damage. The iguana bites you.
You are too injured to fight recklessly!
You are too injured to fight recklessly!
You are too injured to fight recklessly!
You slash the iguana! Your headbutt misses the iguana.
The iguana is heavily wounded.
The iguana bites you!
You barely miss the iguana.
The iguana is heavily wounded.
The iguana bites you but does no damage.
You barely miss the iguana. Your headbutt misses the iguana.
The iguana is heavily wounded.
You block the iguana's attack. The iguana bites you!
* * * LOW HITPOINT WARNING * * *
You hit the iguana.
The iguana is heavily wounded.
The iguana bites you!
You die...

..# ## ..# #. #.. #.
... ##. #.# ###
#.)### #.# #.. #<..
#l# ..# #####) #@#
#># #....) #.# #.#
#.###. #!# #.# #.#
#. #.# #.# #.# ##
######.#####.#.###.#
#............#.....#
#.####.#######..####
#.#######..#
#..........#


You could see an iguana.

Vanquished Creatures
  An adder (D:2)
  8 gnolls
  A worm (D:2)
  3 bats
  5 endoplasms
  A giant cockroach (D:2)
  5 goblins
  4 hobgoblins
  9 jackals
  2 quokkas
  5 ball pythons
  2 frilled lizards (D:1)
  3 rats
49 creatures vanquished.

Notes
Turn   | Place    | Note
-------+----------+-------------------------------------------
     0 | D:1      | BinkBink the Minotaur Fighter began the quest for the Orb.
     0 | D:1      | Reached XP level 1. HP: 19/19 MP: 0/0
    82 | D:1      | Reached XP level 2. HP: 27/27 MP: 1/1
   370 | D:1      | Found Gawkur's Jewellery Emporium.
   492 | D:1      | Reached XP level 3. HP: 33/33 MP: 2/2
   843 | D:2      | Reached XP level 4. HP: 23/41 MP: 3/3
  1348 | D:3      | Reached XP level 5. HP: 20/47 MP: 4/4
  1487 | D:3      | Slain by an iguana

Illustrated notes

Levels and vault maps discovered:
D:1:      giann_wishing_wells, layout_basic, serial_shops,
          nicolae_shop_tiny_glass
D:2:      layout_rooms
D:3:      layout_basic, okawaru_gym_becter, zin_treasury,
          uniq_crazy_yiuf_cottage

Skill      XL: |  1  2 |
---------------+-------+-----
Shields        | 4 |  4.6
Fighting       | 4 |  4.7
Armour         | 4 |  4.6
Long Blades    | 3 |  3.7

Action                     |  1- 3 |  4- 6 || total
---------------------------+-------+-------++-------
  Melee: Long sword        |    86 |    51 ||   137
         Headbutt          |    12 |     2 ||    14
 Armour: Scale mail        |     5 |       ||     5
         Plate armour      |   109 |    69 ||   178
  Dodge: Dodged            |    44 |    16 ||    60
  Block: Buckler           |    18 |    22 ||    40

Table legend: (Time is in decaauts)
 A = Elapsed time spent in this place.
 B = Non-inter-level travel time spent in this place.
 C = Inter-level travel time spent in this place.
 D = Time resting spent in this place.
 E = Time spent auto-exploring this place.
 F = Levels seen in this place.
 G = Mean time per level.
                   A        B        C        D        E       F      G
               +--------+--------+--------+--------+--------+-----+--------+
         Total |   1524 |   1494 |     30 |     79 |   1117 |   3 |  508.0 |
       Dungeon |   1524 |   1494 |     30 |     79 |   1117 |   3 |  508.0 |
               +--------+--------+--------+--------+--------+-----+--------+

Top non-repeatable levels by time:
     D:2: 747 daAuts
     D:1: 599 daAuts
     D:3: 177 daAuts
